 Dungeon Crawl Stone Soup version 0.27-a0-1081-ge8a0a9c698 (webtiles) character file.

Game seed: 16197538405532648813

4 scammafunk the Sneak (level 1, 0/21 HPs)
             Began as a Naga Delver on Apr 26, 2021.
             Slain by a rat (1 damage)
             ... on level 3 of the Dungeon.
             The game lasted 00:01:01 (52 turns).

scammafunk the Sneak (Naga Delver)                    Turns: 52, Time: 00:01:02

Health: 0/21       AC:  1    Str: 14    XL:     1   Next: 70%
Magic:  1/1        EV:  9    Int: 10    God:
Gold:   17         SH:  0    Dex: 12    Spells: 0/0 levels left

rFire    . . .     SeeInvis +   a - +0 mace
rCold    . . .     Faith    .   (no shield)
rNeg     . . .     Spirit   .   b - +0 leather armour
rPois    +         Reflect  .   (no helmet)
rElec    .         Harm     .   (no cloak)
rCorr    .         Rampage  .   (no gloves)
Will     .....                  (no barding)
Stlth    +++.......             (no amulet)
HPRegen  0.07/turn              (no ring)
MPRegen  0.07/turn              (no ring)

@: very slow
A: AC +0, large, see invisible, deformed body, poison resistance, slowness 2,
spit poison 1, naga tail 1
a: Spit Poison


You were on level 3 of the Dungeon.
You visited 1 branch of the dungeon, and saw 3 of its levels.

You collected 17 gold pieces.

Inventory:

Hand Weapons
 a - a +0 mace (weapon)
Armour
 b - a +0 leather armour (worn)
Wands
 g - a wand of digging (3)
Scrolls
 c - a scroll of fog
 e - a scroll of fear
Potions
 d - a potion of ambrosia {unknown}
 f - a potion of haste
 h - a potion of lignification {unknown}


   Skills:
 + Level 3.1 Fighting
 + Level 2.1 Maces & Flails
 + Level 1.7 Dodging
 - Level 7.2 Stealth


You couldn't memorise any spells.
You didn't know any spells.
Your spell library was empty.

Dungeon Overview and Level Annotations

Branches:
Dungeon (5/15)
 Temple: D:4-7

Altars:

Shops:
D:4 [


Innate Abilities, Weirdness & Mutations

Your serpentine skin is tough. (AC +0)
You have supernaturally acute eyesight. (SInv)
Armour fits poorly on your strangely shaped body.
Your system is resistant to poisons. (rPois)
You cover ground very slowly.
You can spit poison.
You have a snake-like lower body.


Message History

You see here a silvery potion.
h - a silvery potion You hit the worm.
The worm is moderately wounded.
You sock the worm!
The worm is severely wounded.
The worm bites you!
You hit the worm.
The worm is severely wounded.
The worm bites you.
You barely miss the worm.
The worm is severely wounded.
The endoplasm quivers.
The worm bites you.
You thump the worm!
You kill the worm!
You are too injured to fight recklessly!
A rat comes into view.
Press: ? - help, Shift-Dir - straight line, f - endoplasm
Aim: an endoplasm The splash of poison hits the endoplasm.
The endoplasm completely resists.
You have got your breath back.
You hit the endoplasm but do no damage. The endoplasm hits you.
You hit the endoplasm.
The endoplasm is severely wounded.
The endoplasm freezes you.
You are frozen.
* * * LOW HITPOINT WARNING * * *
The endoplasm hits you but does no damage.
You sock the endoplasm!
You kill the endoplasm!
The rat bites you.
* * * LOW HITPOINT WARNING * * *
The rat bites you.
* * * LOW HITPOINT WARNING * * *
You hit the rat but do no damage. The rat closely misses you.
You closely miss the rat. The rat barely misses you.
You barely miss the rat. The rat bites you.
You die...

#..##.## #
#......#.
#...#..#. .......
# #....###.#
#!...... #..†.#
#>..##############
#.........@r......
#..###############
#..# #..# #..#
#..# #..# #..#
...#


You could see a rat.

Vanquished Creatures
  A worm (D:3)
  An endoplasm (D:3)
2 creatures vanquished.

Vanquished Creatures (others)
  An orc (D:4)
1 creature vanquished.

Grand Total: 3 creatures vanquished

Notes
Turn   | Place    | Note
-------+----------+-------------------------------------------
     0 | D:5      | scammafunk the Naga Delver began the quest for the Orb.
     0 | D:5      | Reached XP level 1. HP: 21/21 MP: 1/1
    18 | D:4      | Found Tointo Jaer's Armour Shop.
    49 | D:3      | HP: 1/21 [rat (1)]
    52 | D:3      | Slain by a rat

Illustrated notes

Levels and vault maps discovered:
D:3:      layout_basic, uniq_jessica
D:4:      layout_cave_pools, lemuel_doored_altar,
          grunt_temple_overflow_order_and_chaos_1, serial_shops, shop, shop,
          shop, shop, kennysheep_mini_moat, minmay_misc_feat_room, uniq_menkaure
D:5:      layout_basic

Action                   || total
-------------------------++-------
Melee: Mace              ||    11
 Abil: Spit Poison       ||     1
  Use: Scroll            ||     1
Armor: Leather armour    ||     1
Dodge: Dodged            ||     2

Table legend: (Time is in decaauts)
 A = Elapsed time spent in this place.
 B = Non-inter-level travel time spent in this place.
 C = Inter-level travel time spent in this place.
 D = Time resting spent in this place.
 E = Time spent auto-exploring this place.
 F = Levels seen in this place.
 G = Mean time per level.
                   A        B        C        D        E       F      G
               +--------+--------+--------+--------+--------+-----+--------+
         Total |     67 |     67 |      0 |      0 |      0 |   3 |   22.3 |
       Dungeon |     67 |     67 |      0 |      0 |      0 |   3 |   22.3 |
               +--------+--------+--------+--------+--------+-----+--------+

Top non-repeatable levels by time:
     D:3: 35 daAuts
     D:5: 23 daAuts
     D:4: 8 daAuts
